 Dungeon Crawl Stone Soup version 0.29.0-7-g18a832c13a (webtiles) character file.

Game seed: 15732606241008199978

4974 Regnix the Thaumaturge (level 10, -5/52 HPs)
             Began as a Deep Elf Ice Elementalist on Aug 31, 2022.
             Was a Believer of Vehumet.
             Incinerated by a deep elf pyromancer (6 damage)
             ... with a sticky flame
             ... on level 7 of the Dungeon.
             The game lasted 00:49:45 (9071 turns).

Regnix the Thaumaturge (Deep Elf Ice Elementalist)  Turns: 9071, Time: 00:49:47

Health: -5/52      AC: 18    Str:  5    XL:     10   Next: 28%
Magic:  7/28       EV: 14    Int: 34    God:    Vehumet [**....]
Gold:   480        SH:  0    Dex: 15    Spells: 15/34 levels left

rFire   . . .      SeeInvis .   d - staff of cold
rCold   + . .      Faith    .   (no shield)
rNeg    . . .      Spirit   .   a - +0 robe
rPois   .          Reflect  .   u - +2 helmet {Int+3}
rElec   .          Harm     .   s - +0 cloak {Stlth+}
rCorr   +          Rampage  .   (no gloves)
Will    +....                   (no boots)
Stlth   ++........              (no amulet)
HPRegen 0.17/turn               k - +6 ring of intelligence
MPRegen 0.21/turn               r - ring of resist corrosion

@: on fire, ice-armoured, freezing walls, glowing
A: no striking features
a: Renounce Religion


You were on level 7 of the Dungeon.
You worshipped Vehumet.
Vehumet was pleased with you.
You visited 2 branches of the dungeon, and saw 9 of its levels.

You collected 480 gold pieces.

Inventory:

Hand Weapons
 l - a +3 dagger
 o - a +2 falchion of holy wrath
Armour
 a - a +0 robe (worn)
 s - a +0 cloak of stealth (worn)
 u - a +2 helmet of intelligence (worn)
Magical Staves
 d - a staff of cold (weapon)
 f - a staff of cold
Jewellery
 k - a +6 ring of intelligence (left hand)
 r - a ring of resist corrosion (right hand)
Wands
 j - a wand of polymorph (5)
 q - a wand of paralysis (9)
Scrolls
 b - a scroll of fear
 c - a scroll of brand weapon {unknown}
 h - 2 scrolls of amnesia
 i - a scroll of fog {unknown}
 m - a scroll of poison {unknown}
 p - a scroll of silence {unknown}
 t - 2 scrolls of enchant armour {unknown}
 v - a scroll of immolation {unknown}
 x - a scroll of summoning {unknown}
Potions
 g - a potion of flight
 n - a potion of lignification


   Skills:
 + Level 1.5 Fighting
 + Level 2.2 Staves
 + Level 5.6 Dodging
 + Level 6.9 Stealth
 + Level 12.9 Spellcasting
 + Level 3.1 Summonings
 + Level 10.1 Ice Magic
 + Level 0.8 Earth Magic
 + Level 0.9 Evocations


You had 15 spell levels left.
You knew the following spells:

 Your Spells              Type           Power      Damage    Failure   Level
a - Freeze                Ice            100%       1d11      1%          1
b - Frozen Ramparts       Ice            100%       1d16      1%          3
c - Ozocubu's Armour      Ice            95%        N/A       1%          3
d - Hailstorm             Conj/Ice       71%        3d15      2%          4
e - Summon Ice Beast      Ice/Summ       79%        N/A       1%          4
f - Conjure Flame         Conj/Fire      22%        6-21      6%          3
g - Sandblast             Erth           54%        2d13      1%          1

Your spell library contained the following spells:

 Spells                   Type           Power      Damage    Failure   Level
 Magic Dart               Conj           88%        1d7       1%          1
 Necrotise                Necr           88%        1d8       1%          1
 Ice Form                 Ice/Tmut       71%        N/A       2%          4
 Vampiric Draining        Necr           22%        2d7       6%          3
 Freezing Cloud           Conj/Ice/Air   30%        6-21      14%         5
 Anguish                  Hex/Necr       11%        N/A       21%         4
 Fulminant Prism          Conj/Hex       11%        3d9       21%         4
 Agony                    Necr           22%        N/A       50%         5
 Lightning Bolt           Conj/Air       11%        1d24      50%         5
 Conjure Ball Lightning   Conj/Air       11%        3x3d6     97%         6
 Enfeeble                 Hex            11%        N/A       100%        7
 Orb of Destruction       Conj           11%        9d6       100%        7
 Fire Storm               Conj/Fire      11%        8d3       100%        9


Dungeon Overview and Level Annotations

Branches:
Dungeon (8/15)             Temple (1/1) D:4
   Lair: D:8-11

Altars:
Ashenzari
Cheibriados
Dithmenos
Fedhas
Gozag
Hepliaklqana
Kikubaaqudgha
Makhleb
Nemelex Xobeh
Okawaru
Qazlal
Ru
Sif Muna
Vehumet
Wu Jian
Xom
Yredelemnul
Zin
The Shining One

Annotations:
D:3 Pargi
D:8 3 runed translucent doors, nmsoi's ghost, novice MiFi


Message History

The wall freezes the fire elemental.
The wall freezes something but does no damage.
You hear some strange, mumbled words.
A sticky flame appears from out of thin air!
The sticky flame hits you.
You are covered in liquid flames!
* * * LOW HITPOINT WARNING * * *
The heat melts your icy armour.
Okay, then.
You can't see any enemies this would affect, really read the scroll of fear?
Okay, then.
Casting: Ozocubu's Armour (safe; 1% risk of failure)
Confirm with . or Enter, or press ? or * to list all spells.
You feel a surge of power! A chill wind blows around you.
You are covered in liquid flames!
* * * LOW HITPOINT WARNING * * *
The wall freezes the fire elemental but does no damage.
The fire elemental misses you.
The fire elemental is frozen!
The wall freezes the fire elemental.
The fire elemental hits your ice beast.
The fire elemental burns your ice beast!
Your ice beast melts!
The wall freezes the fire elemental but does no damage.
The wall freezes something but does no damage.
Something closely misses your ice beast.
The heat melts your icy armour.
Casting: Summon Ice Beast (dangerous; 1% risk of failure)
Confirm with . or Enter, or press ? or * to list all spells.
Casting: Hailstorm (dangerous; 2% risk of failure)
Press: ? - help, Dir - look around, f - activate You feel a surge of power!
A cannonade of hail descends around you!
The hail pelts the fire elemental!!
The fire elemental is frozen!
You destroy the fire elemental!
The fire elemental disappears in a puff of smoke!
The hail pelts the fire elemental!!
The fire elemental is frozen!
The fire elemental is heavily damaged.
The hail pelts something!!
The hail pelts the plant!!
The plant begins to die.
The plant is lightly damaged.
You are covered in liquid flames!
You die...

.##.. ♣...♣..♣♣♣♣♣ .#.#
#####♣.♣## .# ♣♣.....♣♣
.# #♣♣♣♣...P...♣♣♣♣# .#
#......P~P......# .#
#♣♣♣♣...P...♣♣♣♣#
>####### ♣♣.....♣♣
.).....########)#########
.#####......○E§Y@.......#
## #.......○{E........#
#.################## #.#
#.# #.# #.# # #.# # #.#


You could see 2 fire elementals and a friendly ice beast (summoned).

Vanquished Creatures
  A two-headed ogre (D:7)
  A centaur warrior (D:7)
  2 ugly things (D:7)
  A water moccasin (D:7)
  An orc warrior (D:5)
  A black bear (D:4)
  3 sky beasts
  2 ogres
  A kobold brigand (D:7)
  A bullfrog (D:8)
  A gnoll sergeant (D:5)
  3 scorpions
  4 howler monkeys
  2 jellies
  A gnoll bouda (D:7)
  An orc priest (D:5)
  4 hounds
  6 orc wizards
  6 gnolls
  5 adders
  A white imp (D:6)
  3 dart slugs
  11 orcs
  6 bats
  12 endoplasms
  5 giant cockroaches
  4 goblins
  7 hobgoblins
  11 jackals
  13 kobolds
  4 quokkas
  2 ball pythons (D:1)
  3 frilled lizards (D:2)
  10 rats
  A butterfly (D:8)
140 creatures vanquished.

Vanquished Creatures (collateral kills)
  A deep elf pyromancer (D:7)
  A wraith (D:7)
  Menkaure (D:7)
  Duvessa (D:5)
  A sky beast (D:7)
  A black bear (D:7)
  A phantom (D:4)
  Dowan (D:5)
  A howler monkey (D:7)
  A jelly (D:7)
  3 orcs (D:4)
  3 kobolds (D:7)
16 creatures vanquished.

Vanquished Creatures (others)
  6 plants (D:7)
6 creatures vanquished.

Grand Total: 162 creatures vanquished

Notes
Turn   | Place    | Note
-------+----------+-------------------------------------------
     0 | D:1      | Regnix the Deep Elf Ice Elementalist began the quest for
                  | the Orb.
     0 | D:1      | Reached XP level 1. HP: 10/10 MP: 6/6
   312 | D:1      | Reached XP level 2. HP: 15/15 MP: 5/8
  1087 | D:1      | Reached XP level 3. HP: 13/20 MP: 3/9
  1191 | D:1      | Learned a level 3 spell: Frozen Ramparts
  1195 | D:1      | Learned a level 3 spell: Ozocubu's Armour
  1962 | D:2      | Reached skill level 4 in Spellcasting
  2072 | D:2      | Reached skill level 5 in Ice Magic
  2354 | D:2      | Reached XP level 4. HP: 24/24 MP: 12/12
  2798 | D:2      | Found a faded altar of an unknown god.
  3134 | D:3      | Noticed Pargi
  3565 | D:4      | Noticed a black bear
  3570 | D:4      | Killed a black bear
  3571 | D:4      | Reached XP level 5. HP: 28/28 MP: 5/14
  3708 | D:4      | Reached skill level 5 in Spellcasting
  3799 | D:4      | Found a shimmering blue altar of Sif Muna.
  3846 | D:4      | Reached XP level 6. HP: 33/33 MP: 15/15
  3851 | D:4      | Learned a level 4 spell: Hailstorm
  3856 | D:4      | Learned a level 4 spell: Summon Ice Beast
  3911 | D:4      | Found a staircase to the Ecumenical Temple.
  4395 | D:4      | Reached skill level 1 in Staves
  4592 | D:4      | Reached skill level 6 in Spellcasting
  5056 | Temple   | Entered the Ecumenical Temple
  5077 | Temple   | Became a worshipper of Vehumet
  5131 | D:5      | Entered Level 5 of the Dungeon
  5300 | D:5      | Found a broken altar of Ashenzari.
  5316 | D:5      | Reached XP level 7. HP: 36/37 MP: 14/18
  5413 | D:5      | Noticed Duvessa
  5413 | D:5      | Noticed Dowan
  5421 | D:5      | Killed Duvessa
  5422 | D:5      | Reached skill level 1 in Summonings
  5427 | D:5      | Killed Dowan
  5549 | D:5      | Reached skill level 7 in Spellcasting
  5578 | D:5      | Reached skill level 1 in Fighting
  6093 | D:5      | Reached skill level 8 in Spellcasting
  6093 | D:5      | Reached XP level 8. HP: 40/43 MP: 9/22
  6399 | D:6      | Reached * piety under Vehumet
  6399 | D:6      | Offered knowledge of Sandblast by Vehumet.
  6529 | D:6      | Reached skill level 5 in Stealth
  6529 | D:6      | Reached skill level 9 in Spellcasting
  7161 | D:6      | Found a glowing silver altar of Zin.
  7572 | D:7      | Noticed Menkaure
  7581 | D:7      | Killed Menkaure
  7995 | D:7      | Reached XP level 9. HP: 47/47 MP: 14/24
  8100 | D:7      | Reached skill level 10 in Spellcasting
  8257 | D:7      | Reached skill level 5 in Dodging
  8306 | D:7      | Noticed a brown ugly thing
  8462 | D:7      | Identified a scroll of acquirement
  8462 | D:7      | Acquired the Reference Book on the Dynamic Zephyr
  8468 | D:7      | Learned a level 3 spell: Conjure Flame
  8470 | D:7      | Learned a level 1 spell: Sandblast
  8503 | D:7      | Noticed a two-headed ogre
  8506 | D:7      | Noticed a purple ugly thing
  8512 | D:7      | Noticed a centaur warrior
  8514 | D:7      | Killed a brown ugly thing
  8518 | D:7      | Killed a purple ugly thing
  8519 | D:7      | Reached skill level 11 in Spellcasting
  8520 | D:7      | Killed a centaur warrior
  8525 | D:7      | Noticed a deep elf pyromancer
  8527 | D:7      | Reached skill level 12 in Spellcasting
  8824 | D:8      | Found a runed translucent gate.
  8825 | D:8      | Found a runed translucent gate.
  8836 | D:8      | Found a runed translucent gate.
  8837 | D:8      | Found an opulent altar of Gozag.
  8837 | D:8      | Noticed a deep elf pyromancer
  8838 | D:8      | Noticed nmsoi's ghost (novice MiFi)
  8838 | D:8      | Noticed a boulder beetle
  8857 | D:8      | Noticed a six-headed hydra
  8864 | D:8      | Found a shimmering altar of Xom.
  8893 | D:8      | Found a sacrificial altar of Ru.
  8944 | D:7      | Killed a two-headed ogre
  8945 | D:7      | Reached XP level 10. HP: 49/52 MP: 15/28
  9027 | D:7      | Killed a deep elf pyromancer
  9027 | D:7      | Reached ** piety under Vehumet
  9027 | D:7      | Offered knowledge of Magic Dart by Vehumet.
  9028 | D:7      | Reached skill level 10 in Ice Magic
  9057 | D:7      | Noticed a deep elf pyromancer
  9070 | D:7      | HP: 1/52 [burnt (7)]
  9071 | D:7      | Incinerated by a deep elf pyromancer

Illustrated notes

Levels and vault maps discovered:
D:1:      saegor_arrival_miasma, layout_basic,
          nicolae_concentric_dashed_squares_wild
D:2:      layout_basic, ebering_ecumenical_altar_ruins
D:3:      layout_basic, uniq_pargi
D:4:      layout_basic, lemuel_blue_sif_altar, minmay_temple_entry_overgrown,
          chequers_serial_rivers_room_a, dreamdust_wishing_well,
          minmay_crystal_water
D:5:      layout_basic, mainiacjoe_overflow_catwalk, uniq_duvessa
D:6:      layout_loops_ring, marbit_many_paths
D:7:      nzn_winding_woodlands_three_and_one
          [nzn_winding_woodlands_5x15_lazy_stream,
          nzn_winding_woodlands_5x15_jagged, nzn_winding_woodlands_5x15_garden,
          nzn_winding_woodlands_center_pierced_h], layout_basic,
          lemuel_tele_altar, serial_shops, shop, eino_curves_02,
          chequers_serial_rivers_micro_c, uniq_menkaure
D:8:      layout_cave_pools, xom_butterflies, kennysheep_mini_moat,
          nicolae_uskayaw_suspiria, ebering_ghost_gozag
Temple:   nicolae_temple_ecumenical_triangle

Skill      XL: |  1  2  3  4  5  6  7  8  9 10 |
---------------+-------------------------------+-----
Spellcasting   | 4 5 6 8 9 12 | 12.9
Stealth        | 3 4 6 |  6.9
Dodging        | 3 4 5 |  5.6
Ice Magic      | 5 6 7 9 10 | 10.1
Staves         | 1 2 |  2.2
Summonings     | 1 3 |  3.1
Fighting       | 1 |  1.5
Earth Magic    | |  0.8
Evocations     | |  0.9

Action                   |  1- 3 |  4- 6 |  7- 9 | 10-12 || total
-------------------------+-------+-------+-------+-------++-------
Melee: Unarmed           |     8 |       |       |       ||     8
       Punch             |     1 |     3 |       |       ||     4
       Short sword       |    39 |       |       |       ||    39
       Staff             |    47 |    89 |    38 |     3 ||   177
 Cast: Freeze            |    45 |    39 |    53 |     1 ||   138
       Ozocubu's Armour  |     3 |     8 |     7 |     2 ||    20
       Frozen Ramparts   |     1 |     7 |    17 |     3 ||    28
       Summon Ice Beast  |       |     4 |    13 |     3 ||    20
       Hailstorm         |       |       |     2 |     1 ||     3
       Sandblast         |       |       |     3 |     1 ||     4
       Conjure Flame     |       |       |     1 |       ||     1
Evoke: Wand              |       |     1 |     4 |     1 ||     6
  Use: Scroll            |     2 |     6 |     7 |       ||    15
       Potion            |     1 |     6 |     3 |       ||    10
 Stab: Sleeping          |     7 |     7 |     4 |       ||    18
       Paralysed         |       |     1 |     7 |       ||     8
       Distracted        |       |     2 |       |       ||     2
Armor: Robe              |    14 |    38 |    25 |     6 ||    83
Dodge: Dodged            |    88 |    71 |    51 |     3 ||   213
